AoeStats
← jphilkill

Highland

504957017Analyzed
4v4 RM · 26d ago on Sep 7, 2026· 21m 25s· 8 players
Game mode
Random Map
Map size
Large (8 player)
Population
200
Speed
Normal
Resources
Standard
Victory
Conquest
Starting age
Dark Age
Ending age
Imperial Age
RankedLock teamsTeams togetherTeam positionsShared explorationLock speedFull tech treeHidden civsTurbo modeCheats
Victory
Defeat
🇳🇿 Magyars · New Zealand
1185
+13
🇳🇿 Romans · New Zealand
1182
+13
🇮🇩 Slavs · Indonesia
1166
+14
🇩🇪 Burgundians · Germany
1028
+18
🇨🇳 Spanish · China
1147
-16
🇹🇼 Japanese · Taiwan
1128
-15
🇹🇼 Khmer · Taiwan
1121
-15
🇹🇼 Bohemians · Taiwan
1056
-12
小沁
5:22 Loom
11:07 Feudal Age
16:01 Castle Age
14:29 Double-Bit Axe
15:02 Fishing Lines
17:48 Bow Saw
19:35 Wheelbarrow
19:24 Gillnets
bubu09
0:42 Loom
10:52 Feudal Age
14:19 Wheelbarrow
17:23 Castle Age
16:38 Double-Bit Axe
19:35 Squires
18:56 Pikeman
Mors
10:11 Loom
12:00 Feudal Age
16:28 Castle Age
18:03 Double-Bit Axe
18:01 Horse Collar
永不投降嘻嘻
10:46 Feudal Age
12:13 Loom
18:23 Castle Age
17:20 Double-Bit Axe
17:16 Horse Collar
FinRahZel
1:38 Loom
11:18 Feudal Age
14:49 Scale Barding Armor
20:36 Bloodlines
21:07 Double-Bit Axe
jordan.armstrong
0:33 Loom
9:58 Feudal Age
10:25 Horse Collar
11:03 Double-Bit Axe
22:18 Castle Age
[LOL] Maling Berkedok Gizi
11:00 Feudal Age
15:28 Castle Age
13:49 Double-Bit Axe
14:16 Horse Collar
15:58 Loom
17:54 Heavy Plow
21:42 Wheelbarrow
jphilkill
0:50 Loom
8:40 Wheelbarrow
9:27 Double-Bit Axe
15:56 Feudal Age
23:21 Castle Age
Connection lost

Rejoining the realm…

Still unreachable

The connection could not be restored.

Session expired

The server has moved on; the page needs a fresh start.